 Dungeon Crawl Stone Soup version 0.30-b1-2-g02819fbbbe (webtiles) character file.

Game seed: 5300657550999139091

2486 funkygono the Cleaver (level 9, -8/79 HPs)
             Began as a Minotaur Fighter on July 15, 2023.
             Was a Follower of Okawaru.
             Mangled by a troll (10 damage)
             ... on level 6 of the Dungeon on July 17, 2023.
             The game lasted 00:10:59 (5609 turns).

funkygono the Cleaver (Minotaur Fighter)            Turns: 5609, Time: 00:10:59

Health: -8/79      AC: 15    Str: 25    XL:     9   Next: 27%
Magic:  17/17      EV:  7    Int:  5    God:    Okawaru [*.....]
Gold:   836        SH:  5    Dex: 10    Spells: 8/8 levels left

rFire   . . .        a - +0 war axe
rCold   . . .        c - +0 buckler
rNeg    . . .        A - +0 plate armour
rPois   .            (helmet restricted)
rElec   .            (no cloak)
rCorr   .            (no gloves)
SInv    .            e - +0 pair of boots
Will    +....        u - amulet of magic regeneration Stlth
                     z - ring of magical power
HPRegen 0.33/turn    B - ring of willpower
MPRegen 0.55/turn

%: no passive effects
@: no status effects
A: horns 2, retaliatory headbutt
a: Renounce Religion, Heroism


You were on level 6 of the Dungeon.
You worshipped Okawaru.
Okawaru was aware of your devotion.
You visited 2 branches of the dungeon, and saw 8 of its levels.

You collected 836 gold pieces.

Inventory:

Hand Weapons
 a - a +0 war axe (weapon)
Missiles
 h - 67 stones (quivered)
 j - 16 poisoned darts
 w - 12 boomerangs
 F - 6 javelins
Armour
 c - a +0 buckler (worn)
 e - a +0 pair of boots (worn)
 A - a +0 plate armour (worn)
Jewellery
 u - an amulet of magic regeneration (around neck)
 z - a ring of magical power (left hand)
 B - a ring of willpower (right hand)
Wands
 q - a wand of flame (3)
 x - a wand of paralysis (21)
 C - a wand of digging (7)
Scrolls
 b - a scroll of fear
 f - 3 scrolls of immolation
 m - a scroll of amnesia
 r - a scroll of teleportation
 t - a scroll of fog
 y - a scroll of identify
 D - a scroll of blinking
Potions
 d - 2 potions of might
 g - 7 potions of heal wounds
 i - a potion of ambrosia
 k - 2 potions of haste
 l - 2 potions of lignification
 n - 3 potions of invisibility
 o - a potion of mutation
 p - 2 potions of curing {unknown}
 s - 2 potions of berserk rage
 v - 2 potions of magic {unknown}
 E - a potion of flight {unknown}


   Skills:
 + Level 7.0 Fighting
 + Level 10.5 Axes
 + Level 0.1 Throwing
 + Level 8.5 Armour
 + Level 2.6 Dodging
 + Level 0.4 Stealth
 + Level 5.2 Shields


You had 8 spell levels left.
You didn't know any spells.
Your spell library contained the following spells:

 Spells                   Type           Power      Damage    Failure   Level
 Apportation              Tloc           0%         N/A       100%        1
 Freeze                   Ice            0%         1d3       100%        1
 Necrotise                Necr           0%         1d4       100%        1
 Frozen Ramparts          Ice            0%         1d1       100%        3
 Hailstorm                Conj/Ice       0%         3d3       100%        3
 Ozocubu's Armour         Ice            0%         N/A       100%        3
 Alistair's Intoxication  Tmut/Pois      0%         N/A       100%        5
 Metabolic Englaciation   Hex/Ice        0%         N/A       100%        5
 Orb of Destruction       Conj           0%         9d5       100%        7
 Ozocubu's Refrigeration  Ice            0%         4d7       100%        7
 Summon Small Mammal      Summ           Unusable   N/A       N/A         1
 Summon Guardian Golem    Hex/Summ       Unusable   N/A       N/A         3
 Simulacrum               Ice/Necr       Unusable   N/A       N/A         6
 Spellforged Servitor     Conj/Summ      Unusable   N/A       N/A         7

Dungeon Overview and Level Annotations

Branches:
Dungeon (7/15)             Temple (1/1) D:5

Altars:
Cheibriados
Dithmenos
Elyvilon
Fedhas
Gozag
Makhleb
Nemelex Xobeh
Okawaru
Qazlal
Ru
Sif Muna
Trog
Uskayaw
Vehumet
Xom
Yredelemnul
Zin
The Shining One


Innate Abilities, Weirdness & Mutations

You have a pair of horns on your head.
You reflexively headbutt those who attack you in melee.


Message History

The troll is moderately wounded.
The troll bites you but does no damage. The troll claws you but does no damage.
The troll claws you.
You hit the troll but do no damage. You headbutt the troll.
The troll is moderately wounded.
The troll barely misses you. The troll claws you. The troll claws you!
You barely miss the troll. Your headbutt misses the troll.
The troll is moderately wounded.
The troll bites you. The troll claws you. The troll claws you!
You hit the troll.
The troll is moderately wounded.
The troll bites you but does no damage. The troll claws you! x2
* * * LOW HITPOINT WARNING * * *
You slash the troll! Your headbutt misses the troll.
The troll is heavily wounded.
You block the troll's attack. The troll barely misses you.
The troll closely misses you.
You barely miss the troll. Your headbutt misses the troll.
The troll is moderately wounded.
You hit the sleepcap. The troll bites you!
* * * LOW HITPOINT WARNING * * *
The troll claws you but does no damage. The troll barely misses you.
You block the sleepcap's attack.
Unknown command.
The sleepcap attacks as you move away! The sleepcap barely misses you.
The troll bites you but does no damage. The troll claws you.
* * * LOW HITPOINT WARNING * * *
The troll claws you but does no damage.
There is an escape hatch in the ceiling here.
The troll bites you but does no damage. You block the troll's attack.
The troll claws you but does no damage. The sleepcap releases spores at you.
* * * LOW HITPOINT WARNING * * *
A mysterious force pulls you upwards. The hatch slams shut behind you.
Unknown command.
You block the sleepcap's attack. The troll attacks as you move away!
The troll bites you.
* * * LOW HITPOINT WARNING * * *
The troll claws you but does no damage. The troll barely misses you.
The troll attacks as you move away! The troll bites you!
You die...

##.# ####..## #.......
#.##.##. #.##.##.
#.##....
############....##.
#..Tf.....##....##.
#.@#.##[#.#........
####..#.##....<......#
#..........#.#.......#
#.##..#...<..###...###
#.##.......### #...#
#.########## ####.####
#.############.......#
#.##...........##.##.#
#.##..............##.#


You could see a troll and a sleepcap.

Vanquished Creatures
  A wyvern (D:5)
  A steam dragon (D:7)
  3 humans (D:7)
  2 orc warriors
  A centaur (D:7)
  A phantom (D:4)
  A kobold brigand (D:6)
  3 bullfrogs
  2 scorpions
  4 wights (D:7)
  2 howler monkeys
  An orc priest (D:6)
  A gnoll bouda (D:6)
  3 hounds
  2 jellies
  6 iguanas
  Jessica (D:2)
  Ijyb (D:3)
  3 orc wizards
  3 gnolls (D:6)
  9 adders
  A shadow imp (D:6)
  3 white imps (D:6)
  3 worms
  9 dart slugs
  26 orcs
  7 endoplasms
  4 giant cockroaches
  7 goblins
  9 hobgoblins
  6 quokkas
  7 ball pythons
  13 bats
  3 frilled lizards
  13 kobolds
  3 rats
165 creatures vanquished.

Vanquished Creatures (others)
  2 fungi (D:1)
  2 plants (D:1)
4 creatures vanquished.

Grand Total: 169 creatures vanquished

Notes
Turn   | Place    | Note
-------+----------+-------------------------------------------
     0 | D:1      | funkygono the Minotaur Fighter began the quest for the Orb.
     0 | D:1      | Reached XP level 1. HP: 19/19 MP: 0/0
    93 | D:1      | Reached XP level 2. HP: 23/27 MP: 1/1
   125 | D:1      | Found a faded altar of an unknown god.
   134 | D:1      | Got Plato's Compilation of Cold
   566 | D:1      | Reached XP level 3. HP: 33/33 MP: 2/2
   655 | D:2      | Noticed Jessica
   659 | D:2      | Killed Jessica
   660 | D:2      | Reached skill level 3 in Axes
   711 | D:2      | Reached XP level 4. HP: 33/41 MP: 3/3
   828 | D:2      | Found a sacrificial altar of Ru.
  1142 | D:2      | Identified a scroll of acquirement
  1142 | D:2      | Acquired 490 gold pieces
  1336 | D:3      | Reached skill level 4 in Axes
  1603 | D:3      | Reached XP level 5. HP: 47/47 MP: 4/4
  1634 | D:3      | Noticed Ijyb
  1654 | D:3      | Killed Ijyb
  1655 | D:3      | Reached skill level 5 in Armour
  1886 | D:3      | Reached skill level 1 in Dodging
  2181 | D:4      | Reached skill level 5 in Axes
  2185 | D:4      | Noticed a phantom
  2200 | D:4      | Killed a phantom
  2201 | D:4      | Reached skill level 5 in Fighting
  2201 | D:4      | Reached XP level 6. HP: 46/56 MP: 5/5
  3048 | D:5      | Entered Level 5 of the Dungeon
  3062 | D:5      | Found an opulent altar of Gozag.
  3164 | D:5      | Found a staircase to the Ecumenical Temple.
  3175 | D:5      | Reached skill level 6 in Axes
  3190 | Temple   | Entered the Ecumenical Temple
  3364 | D:5      | Noticed an orc warrior
  3378 | D:5      | Killed an orc warrior
  3379 | D:5      | Reached XP level 7. HP: 7/61 MP: 6/6
  3633 | D:5      | Reached skill level 7 in Axes
  3789 | D:5      | Noticed a wyvern
  3801 | D:5      | Killed a wyvern
  4122 | D:5      | Found a burning altar of Makhleb.
  4162 | D:5      | Found a shimmering blue altar of Sif Muna.
  4229 | D:5      | Found a sacrificial altar of Ru.
  4341 | D:6      | Reached XP level 8. HP: 70/70 MP: 7/7
  4501 | D:6      | Reached skill level 8 in Axes
  4905 | D:7      | Found an iron altar of Okawaru.
  4934 | D:7      | Became a worshipper of Warmaster Okawaru
  4954 | D:7      | Reached skill level 9 in Axes
  5208 | D:7      | Reached * piety under Okawaru
  5209 | D:7      | Reached XP level 9. HP: 63/78 MP: 8/8
  5213 | D:7      | Reached skill level 10 in Axes
  5213 | D:7      | Reached skill level 5 in Shields
  5585 | D:7      | Noticed a troll
  5608 | D:6      | HP: 2/79 [troll (5)]
  5609 | D:6      | Mangled by a troll

Illustrated notes

Levels and vault maps discovered:
D:1:      zaba_arrival_water, layout_rooms, shapermc_ecumenical_altar_rom_forum
D:2:      layout_rooms, basic_altar, uniq_jessica
D:3:      minmay_razor_zed, layout_basic, kennysheep_generic_room_14, uniq_ijyb
D:4:      layout_loops_ring, hangedman_decor_diamond_cutter,
          amcnicky_mini_rare_corridor_liquid
D:5:      layout_loops_ring, nicolae_overflow_quartered_altars,
          temple_fountains, supply_closet_lemuel
D:6:      layout_loops_cross
D:7:      kennysheep_slugbush, layout_basic, mainiacjoe_overflow_tiny_flanked,
          minmay_ruffians
Temple:   nicolae_temple_ecumenical_triangle

Skill      XL: |  1  2  3  4  5  6  7  8  9 |
---------------+----------------------------+-----
Fighting       | 4 5 6 7 |  7.0
Armour         | 4 5 6 8 |  8.5
Axes           | 3 4 5 6 7 9 10 | 10.5
Shields        | 4 5 |  5.2
Dodging        | 1 2 |  2.6
Throwing       | |  0.1
Stealth        | |  0.4

Action                     |  1- 3 |  4- 6 |  7- 9 || total
---------------------------+-------+-------+-------++-------
  Melee: War axe           |    54 |   185 |   197 ||   436
         Headbutt          |     4 |    17 |    41 ||    62
  Throw: Stone             |     2 |       |       ||     2
    Use: Scroll            |     3 |     9 |     3 ||    15
 Armour: Scale mail        |    29 |    58 |       ||    87
         Chain mail        |       |    24 |     1 ||    25
         Plate armour      |       |       |   105 ||   105
  Dodge: Dodged            |    23 |    87 |    56 ||   166
  Block: Buckler           |    14 |    35 |    48 ||    97
